 Dungeon Crawl Stone Soup version 0.28-a0-724-g66f9036eb4 (webtiles) character file.

Game seed: 3691931049457675335

171 tatocazan the Magician (level 5, 0/28 HPs)
             Began as a Deep Elf Air Elementalist on Oct 26, 2021.
             Slain by a rat (1 damage)
             ... on level 3 of the Dungeon.
             The game lasted 00:07:19 (3235 turns).

tatocazan the Magician (Deep Elf Air Elementalist)  Turns: 3235, Time: 00:07:19

Health: 0/28       AC:  2    Str:  3 (5)  XL:     5   Next: 26%
Magic:  13/13      EV: 13    Int: 20 (21) God:
Gold:   30         SH:  0    Dex: 14 (15) Spells: 2/12 levels left

rFire   . . .      SeeInvis .   j - +2 dagger (drain)
rCold   . . .      Faith    .   (no shield)
rNeg    . . .      Spirit   .   a - +0 robe
rPois   .          Reflect  .   (no helmet)
rElec   .          Harm     .   (no cloak)
rCorr   .          Rampage  .   (no gloves)
Will    .....                   (no boots)
Stlth   ++........              (no amulet)
HPRegen 0.09/turn               (no ring)
MPRegen 0.13/turn               (no ring)

@: no status effects
A: no striking features
a: no special abilities


You were on level 3 of the Dungeon.
You visited 1 branch of the dungeon, and saw 3 of its levels.

You collected 30 gold pieces.

Inventory:

Hand Weapons
 f - a +1 dagger of draining
 j - a +2 dagger of draining (weapon)
Armour
 a - a +0 robe (worn)
Scrolls
 b - 2 scrolls of identify
 d - a scroll of blinking {unknown}
 e - a scroll of magic mapping {unknown}
 g - 2 scrolls of amnesia
 h - a scroll of teleportation {unknown}
 i - a scroll of enchant armour {unknown}
 n - a scroll of fog
Potions
 k - a potion of degeneration
 l - a potion of curing {unknown}
 m - a potion of berserk rage {unknown}


   Skills:
 + Level 3.3 Dodging
 + Level 3.7 Stealth
 + Level 4.1 Spellcasting
 + Level 2.5 Conjurations
 * Level 4.1 Air Magic


You had 2 spell levels left.
You knew the following spells:

 Your Spells              Type           Power      Damage    Failure   Level
a - Shock                 Conj/Air       68%        1d7       3%          1
b - Static Discharge      Conj/Air       17%        N/A       4%          2
c - Swiftness             Air            20%        N/A       7%          3
d - Airstrike             Air            10%        N/A       22%         4

Your spell library contained the following spells:

 Spells                   Type           Power      Damage    Failure   Level
 Magic Dart               Conj           56%        1d5       4%          1
 Animate Skeleton         Necr           8%         N/A       13%         1
 Pain                     Necr           16%        1d4       13%         1
 Call Imp                 Summ           4%         N/A       19%         2
 Mephitic Cloud           Conj/Pois/Air  13%        N/A       16%         3
 Vampiric Draining        Necr           2%         2d6       36%         3


Dungeon Overview and Level Annotations

Branches:
Dungeon (3/15)

Altars:

Shops:
D:1 (

Annotations:
D:3 1 transporter


Message History

There is a stone staircase leading up here.
The sky beast hits you. The sky beast shocks you.
You climb upwards.
There is a stone staircase leading down here.
You take 8 damage, and have 20/28 hp.
MASSIVE DAMAGE!!
As you read the scroll labelled OTTUESCH BOCE, it crumbles to dust.
It is a scroll of amnesia.
Really abort (and waste the scroll)?
Okay, then.
The sky beast hits you. The sky beast shocks you.
You take 9 damage, and have 11/28 hp.
MASSIVE DAMAGE!!
As you read the scroll labelled NOSEAJEBO, it crumbles to dust.
It is a scroll of identify.
n - a scroll of fog The sky beast closely misses you.
This is a scroll of acquirement!
Something appears at your feet! The sky beast hits you.
* * * LOW HITPOINT WARNING * * *
The sky beast shocks you.
* * * LOW HITPOINT WARNING * * *
You take 10 damage, and have 1/28 hp.
MASSIVE DAMAGE!!
There is a stone staircase leading down here.
You climb downwards.
Level annotation: 1 transporter
Found a robe.
Found a stone staircase leading down.
There is a stone staircase leading up here.
MP restored: 13 A rat comes into view.
The dart slug launches a dart at you. The slug dart misses you.
The rat completely misses you. The rat bites you.
* * * LOW HITPOINT WARNING * * *
You take 1 damage, and have 1/28 hp.
The dart slug launches a dart at you. The slug dart misses you.
It was a potion of degeneration.
There was something very wrong with that liquid.
You feel weakened.
You feel dopey.
You feel clumsy. The rat bites you.
You die...

##.... .........
#.....### ####....
.>..[...# # ####.
...w..#<# .# #.
........##.###.########.
#.......................
##...#.........#####.###
#.....r.#.#### #.#
#.#.##@...# #.#
#.........# #.#
###....#.## #.# ####.#.#
#.# ..#.# #.# ###.# #.#


You could see a dart slug and a rat.

Vanquished Creatures
  An orc priest (D:2)
  An orc wizard (D:2)
  Terence (D:2)
  2 adders (D:2)
  3 worms (D:2)
  3 dart slugs
  An orc (D:3)
  7 ball pythons
  10 bats
  4 endoplasms
  A giant cockroach (D:2)
  5 goblins
  5 hobgoblins
  6 jackals (D:3)
  7 kobolds
  2 frilled lizards (D:2)
  A rat (D:1)
60 creatures vanquished.

Vanquished Creatures (others)
  8 withered plants (D:2)
8 creatures vanquished.

Grand Total: 68 creatures vanquished

Notes
Turn   | Place    | Note
-------+----------+-------------------------------------------
     0 | D:1      | tatocazan the Deep Elf Air Elementalist began the quest for
                  | the Orb.
     0 | D:1      | Reached XP level 1. HP: 10/10 MP: 6/6
    84 | D:1      | Found Suiguank's Antique Weapon Emporium.
   235 | D:1      | Reached XP level 2. HP: 13/15 MP: 0/8
   515 | D:1      | Learned a level 2 spell: Static Discharge
  1289 | D:2      | Reached XP level 3. HP: 15/19 MP: 2/9
  1952 | D:2      | Learned a level 3 spell: Swiftness
  2065 | D:2      | Noticed Terence
  2073 | D:2      | Killed Terence
  2074 | D:2      | Reached XP level 4. HP: 20/24 MP: 5/11
  2131 | D:2      | Learned a level 4 spell: Airstrike
  2320 | D:2      | Found a faded altar of an unknown god.
  2718 | D:2      | Reached XP level 5. HP: 9/28 MP: 0/13
  3082 | D:3      | Found a transporter.
  3193 | D:3      | Noticed a sky beast
  3223 | D:2      | Identified a scroll of acquirement
  3223 | D:2      | Acquired a staff of air
  3223 | D:2      | HP: 1/28 [sky beast (5)]
  3232 | D:3      | HP: 1/28 [rat (1)]
  3235 | D:3      | Slain by a rat

Illustrated notes

Levels and vault maps discovered:
D:1:      ncdulo_watergridlock, layout_rooms, serial_shops, shop
D:2:      layout_loops_ring, ebering_ecumenical_altar_petrified, uniq_terence
D:3:      layout_loops_ring, gammafunk_ghost_stat_death, uniq_robin

Skill      XL: |  1  2  3  4 |
---------------+-------------+-----
Stealth        | 3 |  3.7
Dodging        | 3 |  3.3
Conjurations   | 2 |  2.5
Spellcasting   | 4 |  4.1
Air Magic      | 4 |  4.1

Action                   |  1- 3 |  4- 6 || total
-------------------------+-------+-------++-------
Melee: Dagger            |    10 |     1 ||    11
 Cast: Shock             |    90 |    32 ||   122
       Static Discharge  |     4 |     8 ||    12
  Use: Scroll            |       |     3 ||     3
       Potion            |       |     1 ||     1
Armor: Robe              |     9 |     3 ||    12
Dodge: Dodged            |    23 |    14 ||    37

Table legend: (Time is in decaauts)
 A = Elapsed time spent in this place.
 B = Non-inter-level travel time spent in this place.
 C = Inter-level travel time spent in this place.
 D = Time resting spent in this place.
 E = Time spent auto-exploring this place.
 F = Levels seen in this place.
 G = Mean time per level.
                   A        B        C        D        E       F      G
               +--------+--------+--------+--------+--------+-----+--------+
         Total |   3236 |   3195 |     41 |   1487 |   1331 |   3 | 1078.7 |
       Dungeon |   3236 |   3195 |     41 |   1487 |   1331 |   3 | 1078.7 |
               +--------+--------+--------+--------+--------+-----+--------+

Top non-repeatable levels by time:
     D:2: 1746 daAuts
     D:1: 1284 daAuts
     D:3: 205 daAuts
